 Dungeon Crawl Stone Soup version 0.27-a0-836-gfc908b8576 (webtiles) character file.

Game seed: 41599884231005624

159 rageheart7 the Poker (level 5, 0/44 HPs)
             Began as a Merfolk Delver on Mar 31, 2021.
             Slain by Pikel
             ... wielding a +0 whip of freezing
              (6 damage)
             ... on level 5 of the Dungeon.
             The game lasted 00:01:16 (446 turns).

rageheart7 the Poker (Merfolk Delver)                Turns: 446, Time: 00:01:17

Health: 0/44       AC:  3    Str: 13    XL:     5   Next: 40%
Magic:  5/5        EV: 12    Int:  9    God:
Gold:   33         SH:  0    Dex: 16    Spells: 4/4 levels left

rFire    . . .     SeeInvis .   a - +0 spear
rCold    . . .     Faith    .   (no shield)
rNeg     . . .     Spirit   .   b - +0 leather armour
rPois    .         Reflect  .   (no helmet)
rElec    .         Harm     .   (no cloak)
rCorr    .         Rampage  .   (no gloves)
Will     .....                  (no boots)
Stlth    +++.......             (no amulet)
HPRegen  0.14/turn              (no ring)
MPRegen  0.09/turn              (no ring)

@: hasted, very quick
A: (nimble swimmer 2), mertail
a: no special abilities


You were on level 5 of the Dungeon.
You visited 1 branch of the dungeon, and saw 1 of its levels.

You collected 33 gold pieces.

Inventory:

Hand Weapons
 a - a +0 spear (weapon)
Armour
 b - a +0 leather armour (worn)
Wands
 g - a wand of digging (3)
Scrolls
 c - a scroll of fog
 d - a scroll of magic mapping
 e - a scroll of fear


   Skills:
 * Level 5.1 Fighting
 * Level 5.9 Polearms
 - Level 2.6 Dodging
 - Level 5.4 Stealth


You had 4 spell levels left.
You didn't know any spells.
Your spell library was empty.

Dungeon Overview and Level Annotations

Branches:
Dungeon (5/15)
 Temple: D:4-7

Altars:

Annotations:
D:5 Pikel


Innate Abilities, Weirdness & Mutations

((You are quick and stealthy near water. (Stealth+, EV+, Speed+++)))
Your lower body shifts to a powerful aquatic tail in water.


Message History

You have reached level 4!
You have reached level 5!
You feel agile.
A lemure comes into view.
Reach: a) +0 spear
Press: ? - help, Dir - move target, f - Pikel
Aim: Pikel, wielding a +0 whip of freezing and wearing a +0 robe (severely wounded, wandering, hasn't noticed you, about 40% to evade your +0 spear)
You reach to attack!
You hit Pikel.
Pikel is severely wounded.
Reach: a) +0 spear
Press: ? - help, Dir - move target, f/p - Pikel
Aim: Pikel, wielding a +0 whip of freezing and wearing a +0 robe (severely wounded, about 40% to evade your +0 spear)
You reach to attack!
You hit Pikel.
Pikel is severely wounded.
Reach: a) +0 spear
Press: ? - help, Dir - move target, f/p - Pikel
Aim: Pikel, wielding a +0 whip of freezing and wearing a +0 robe (severely wounded, about 40% to evade your +0 spear)
You barely miss Pikel.
Pikel is severely wounded.
Reach: a) +0 spear
Press: ? - help, Dir - move target, f/p - Pikel
Aim: Pikel, wielding a +0 whip of freezing and wearing a +0 robe (severely wounded, about 40% to evade your +0 spear)
You hit Pikel but do no damage.
Pikel is severely wounded.
Pikel cracks his whip.
Pikel hits you with a +0 whip of freezing.
* * * LOW HITPOINT WARNING * * *
Pikel freezes you.
* * * LOW HITPOINT WARNING * * *
Reach: a) +0 spear
Press: ? - help, Dir - move target, f/p - Pikel
Aim: Pikel, wielding a +0 whip of freezing and wearing a +0 robe (severely wounded, about 40% to evade your +0 spear)
You hit Pikel but do no damage.
Pikel is severely wounded.
Unknown command.
You completely miss Pikel.
Pikel is severely wounded.
The lemure hits you but does no damage.
Pikel hits you with a +0 whip of freezing.
You die...

#### #......#
#......+ #......# .
#......# ..
#......# ...
#.....####### ....
+.....'.....# .....
#.....#...5.#......
#.....#..@K.'......
#.....##5####......
#..........|.[.....
#..................
#..................
#........5.........
#..................
#...............
#...............


You could see Pikel and 2 lemures.

Vanquished Creatures
  Menkaure (D:5)
  A bullfrog zombie (D:5)
  An ufetubus (D:5)
  An adder skeleton (D:5)
4 creatures vanquished.

Notes
Turn   | Place    | Note
-------+----------+-------------------------------------------
     0 | D:5      | rageheart7 the Merfolk Delver began the quest for the Orb.
     0 | D:5      | Reached XP level 1. HP: 18/18 MP: 1/1
    74 | D:5      | Reached XP level 2. HP: 24/24 MP: 2/2
   139 | D:5      | Noticed Menkaure
   162 | D:5      | Reached XP level 3. HP: 5/30 MP: 3/3
   433 | D:5      | Noticed a lemure
   435 | D:5      | Noticed a lemure
   437 | D:5      | Killed Menkaure
   438 | D:5      | Reached skill level 5 in Fighting
   438 | D:5      | Reached skill level 5 in Polearms
   438 | D:5      | Reached XP level 4. HP: 8/39 MP: 4/4
   438 | D:5      | Reached XP level 5. HP: 9/44 MP: 5/5
   438 | D:5      | Noticed Pikel
   439 | D:5      | Noticed a lemure
   446 | D:5      | Slain by Pikel

Illustrated notes

Levels and vault maps discovered:
D:5:      layout_gridville, zin_purify, temple_green, uniq_pikel, uniq_duvessa,
          uniq_menkaure, uniq_eustachio

Skill      XL: |  1  2  3 |
---------------+----------+-----
Fighting       | 4 5 |  5.1
Polearms       | 4 5 |  5.9
Dodging        | |  2.6
Stealth        | |  5.4

Action                   |  1- 3 |  4- 6 || total
-------------------------+-------+-------++-------
Melee: Spear             |    42 |     6 ||    48
  Use: Potion            |     1 |       ||     1
 Stab: Sleeping          |     1 |       ||     1
Armor: Leather armour    |     4 |     1 ||     5
Dodge: Dodged            |    23 |       ||    23

Table legend: (Time is in decaauts)
 A = Elapsed time spent in this place.
 B = Non-inter-level travel time spent in this place.
 C = Inter-level travel time spent in this place.
 D = Time resting spent in this place.
 E = Time spent auto-exploring this place.
 F = Levels seen in this place.
 G = Mean time per level.
                   A        B        C        D        E       F      G
               +--------+--------+--------+--------+--------+-----+--------+
         Total |    432 |    432 |      0 |      0 |    310 |   1 |  432.0 |
       Dungeon |    432 |    432 |      0 |      0 |    310 |   1 |  432.0 |
               +--------+--------+--------+--------+--------+-----+--------+

Top non-repeatable levels by time:
     D:5: 432 daAuts
